 Dungeon Crawl Stone Soup version 0.26.1-11-gd32895ea62 (webtiles) character file.

Game seed: 13131612994562079813

536661 infcreate the Ninja (level 25, -11/152 HPs)
             Began as a Vampire Enchanter on July 11, 2021.
             Was the Champion of Dithmenos.
             Mangled by a storm dragon (16 damage)
             ... on level 5 of the Vaults on July 12, 2021.
             The game lasted 05:44:09 (68566 turns).

infcreate the Ninja (Vampire Enchanter)            Turns: 68566, Time: 05:44:11

Health: -11/152    AC: 16    Str: 15    XL:     25   Next: 13%
Magic:  22/41      EV: 40    Int: 25    God:    Dithmenos [******]
Gold:   2242       SH: 17    Dex: 30    Spells: 5/52 levels left

rFire    + + +     SeeInvis +   L - +11 rapier "Arbiter" {freeze, rPois rC- Will+++ Int-2 SInv}
rCold    + . .     Faith    .   T - +3 warlock's mirror {reflect}
rNeg     + + +     Spirit   .   E - +2 robe {Archmagi}
rPois    ∞         Reflect  +   X - +2 helmet
rElec    +         Harm     .   I - +2 cloak {Stlth+}
rCorr    .         Rampage  .   f - +2 pair of gloves {Str+3}
Will     +++++                  H - +2 pair of boots {Stlth+} Stlth ######****
                                o - amulet of Ciesy {Reflect Str+3 SH+5}
HPRegen  0.00/turn              s - ring "Xyqou" {rElec rF+ Str+2 Int+6 Dex+3}
MPRegen  0.27/turn              S - ring of Gota {*Drain rF+++ EV+4 Dex+4}

@: about to teleport, bloodless, wreathed by umbra
A: fangs 3, see invisible, unbreathing
}: 2/15 runes: decaying, serpentine
a: Bat Form, Revivify, Renounce Religion, Shadow Step, Shadow Form


You were on level 5 of the Vaults.
You worshipped Dithmenos.
Dithmenos was exalted by your worship.
You visited 9 branches of the dungeon, and saw 45 of its levels.
You visited 3 bazaars.
You also visited: Sewer and Gauntlet.

You collected 9583 gold pieces.
You spent 7341 gold pieces at shops.


Innate Abilities, Weirdness & Mutations

You do not regenerate when monsters are visible.
You are frail without blood (-20% HP).
You can heal yourself when you bite living creatures.
You are immune to poison.
You have razor-sharp teeth.
You have supernaturally acute eyesight. (SInv)
You can survive without breathing.


   Skills:
 + Level 14.2 Fighting
 + Level 16.3 Short Blades
 * Level 21.8 Dodging
 O Level 27 Stealth
 - Level 13.0 Shields
 + Level 14.3 Spellcasting
 * Level 24.4 Hexes
 * Level 9.7 Necromancy


You had 5 spell levels left.
You knew the following spells:

 Your Spells              Type           Power        Failure   Level
a - Leda's Liquefaction   Hex/Erth       43%          1%          4
b - Borgnjor's Vile Clut  Necr/Erth      29%          12%         5
c - Corona                Hex            100%         0%          1
d - Tukima's Dance        Hex            100%         0%          3
e - Ensorcelled Hibernat  Hex/Ice        100%         1%          2
f - Dazzling Flash        Conj/Hex       100%         1%          3
i - Invisibility          Hex            100%         1%          6
n - Dispel Undead         Necr           79%          1%          4
p - Fulminant Prism       Conj/Hex       43%          1%          4
t - Confusing Touch       Hex            100%         0%          3
v - Vampiric Draining     Necr           39%          1%          3
X - Yara's Violent Unrav  Hex/Tmut       43%          1%          5
Y - Animate Dead          Necr           39%          1%          4

Your spell library contained the following spells:

 Spells                   Type           Power        Failure   Level
 Slow                     Hex            100%         0%          2
 Cause Fear               Hex            59%          0%          4
 Animate Skeleton         Necr           100%         1%          1
 Pain                     Necr           100%         1%          1
 Corpse Rot               Necr/Air       N/A          1%          2
 Sublimation of Blood     Necr           39%          1%          2
 Inner Flame              Hex/Fire       87%          1%          3
 Portal Projectile        Hex/Tloc       100%         1%          3
 Summon Guardian Golem    Hex/Summ       87%          1%          3
 Agony                    Necr           79%          1%          5
 Excruciating Wounds      Necr           39%          1%          5
 Metabolic Englaciation   Hex/Ice        43%          1%          5
 Silence                  Hex/Air        43%          1%          5
 Apportation              Tloc           52%          3%          1
 Foxfire                  Conj/Fire      100%         3%          1
 Freeze                   Ice            100%         3%          1
 Magic Dart               Conj           100%         3%          1
 Sandblast                Erth           52%          3%          1
 Shock                    Conj/Air       100%         3%          1
 Summon Small Mammal      Summ           100%         3%          1
 Blink                    Tloc           N/A          4%          2
 Call Imp                 Summ           26%          4%          2
 Passwall                 Tmut/Erth      21%          4%          2
 Searing Ray              Conj           52%          4%          2
 Swiftness                Air            26%          4%          2
 Call Canine Familiar     Summ           26%          10%         3
 Conjure Flame            Conj/Fire      26%          10%         3
 Frozen Ramparts          Ice            52%          10%         3
 Gell's Gravitas          Tloc           13%          10%         3
 Ozocubu's Armour         Ice            26%          10%         3
 Static Discharge         Conj/Air       26%          10%         3
 Stone Arrow              Conj/Erth      52%          10%         3
 Airstrike                Air            13%          32%         4
 Hailstorm                Conj/Ice       26%          32%         4
 Iskenderun's Mystic Bla  Conj/Tloc      26%          32%         4
 Passage of Golubria      Tloc           N/A          32%         4
 Petrify                  Tmut/Erth      26%          32%         4
 Summon Ice Beast         Ice/Summ       26%          32%         4
 Summon Lightning Spire   Summ/Air       26%          32%         4
 Bolt of Magma            Conj/Fire/Erth 13%          65%         5
 Irradiate                Conj/Tmut      13%          65%         5
 Iskenderun's Battlesphe  Conj           26%          65%         5
 Lee's Rapid Deconstruct  Erth           13%          65%         5
 Lightning Bolt           Conj/Air       13%          65%         5
 Death Channel            Necr           39%          9%          6
 Simulacrum               Ice/Necr       29%          54%         6
 Conjure Ball Lightning   Conj/Air       13%          99%         6
 Freezing Cloud           Conj/Ice/Air   13%          99%         6
 Hydra Form               Tmut           13%          99%         6
 Iron Shot                Conj/Erth      13%          99%         6
 Shadow Creatures         Summ           N/A          99%         6
 Statue Form              Tmut/Erth      17%          99%         6
 Dragon Form              Tmut           13%          100%        7
 Malign Gateway           Summ/Tloc      13%          100%        7
 Orb of Destruction       Conj           13%          100%        7
 Spellforged Servitor     Conj/Summ      13%          100%        7
 Chain Lightning          Conj/Air       13%          100%        8
 Disjunction              Tloc           13%          100%        8
 Lehudib's Crystal Spear  Conj/Erth      13%          100%        8
 Absolute Zero            Ice            13%          100%        9
 Fire Storm               Conj/Fire      13%          100%        9
 Shatter                  Erth           13%          100%        9
 Tornado                  Air            13%          100%        9

Inventory:

Hand Weapons
 m - a +8 dagger of electrocution
 L - the +11 rapier "Arbiter" (weapon) {freeze, rPois rC- Will+++ Int-2 SInv}
   (You bought it in a shop on level 2 of the Orcish Mines)

   It has been specially enchanted to freeze those struck by it, causing extra
   injury to most foes and up to half again as much damage against particularly
   susceptible opponents.
   It can also slow down cold-blooded creatures.
   It affects your intelligence (-2).
   It makes you vulnerable to cold.
   It protects you from poison.
   It affects your willpower, your defense against some magical effects.
   It lets you see invisible.
 V - the +9 long sword of the Lurker {flame, rElec MP+9 Int+4}
   (You found it in a Gauntlet)

   It has been specially enchanted to burn those struck by it, causing extra
   injury to most foes and up to half again as much damage against particularly
   susceptible opponents.
   Big, fiery blades are also staple armaments of hydra-hunters.
   It affects your intelligence (+4).
   It insulates you from electricity.
   It affects your magic capacity (+9).
Armour
 f - a +2 pair of gloves of strength (worn)
 E - a +2 robe of the Archmagi (worn)
 H - a +2 pair of boots of stealth (worn)
 I - a +2 cloak of stealth (worn)
 T - the +3 warlock's mirror (worn) {reflect}
   (You bought it in a shop on level 4 of the Snake Pit)
 X - a +2 helmet (worn)
Jewellery
 l - the ring of the Tortoise {AC+8}
   (You found it on level 6 of the Lair of Beasts)

   [ring of protection]

   It affects your AC (+8).
 o - the amulet of Ciesy (around neck) {Reflect Str+3 SH+5}
   (You bought it in a shop on level 3 of the Depths)

   [amulet of reflection]

   It shields you and reflects attacks.
   It affects your strength (+3).
   It affects your SH (+5).
 s - the ring "Xyqou" (left hand) {rElec rF+ Str+2 Int+6 Dex+3}
   (You bought it in a shop on level 4 of the Depths)

   [ring of protection from fire]

   It affects your strength (+2).
   It affects your intelligence (+6).
   It affects your dexterity (+3).
   It protects you from fire.
   It insulates you from electricity.
 R - an uncursed ring of resist corrosion
 S - the ring of Gota (right hand) {*Drain rF+++ EV+4 Dex+4}
   (You found it in a Gauntlet)

   [ring of evasion]

   It affects your evasion (+4).
   It affects your dexterity (+4).
   It renders you almost immune to fire.
   It causes draining when unequipped.
Wands
 u - a wand of random effects (129)
 y - a wand of polymorph (19)
 C - a wand of acid (5)
 M - a wand of digging (15)
Scrolls
 a - 8 scrolls of magic mapping
 e - 29 scrolls of remove curse {@r2}
 i - 20 scrolls of identify {@r1}
 n - 17 scrolls of teleportation {@r4}
 q - 8 scrolls of amnesia
 w - a scroll of brand weapon
 B - 5 scrolls of fear
 G - a scroll of summoning
 J - 5 scrolls of fog
 K - a scroll of immolation
 N - 5 scrolls of enchant armour
 P - 5 scrolls of blinking
Potions
 b - 6 potions of mutation
 c - 6 potions of might
 d - 16 potions of curing {@q1}
 g - a potion of berserk rage {!q}
 h - a potion of invisibility
 j - 7 potions of ambrosia
 k - 18 potions of heal wounds {@q2}
 p - 8 potions of brilliance
 r - 13 potions of flight
 t - 3 potions of magic
 v - 7 potions of attraction
 x - 4 potions of haste {@q3}
 z - 4 potions of resistance
 U - 3 potions of cancellation
Miscellaneous
 A - a phantom mirror

Dungeon Overview and Level Annotations

Branches:
Dungeon (15/15)            Temple (1/1) D:7            Lair (6/6) D:8
  Swamp (4/4) Lair:4        Snake (4/4) Lair:2        Slime (0/5) Lair:6
    Orc (2/2) D:10            Elf (3/3) Orc:2        Vaults (5/5) D:14
  Crypt (0/3) Vaults:2     Depths (5/5) D:15            Zot (0/5) Depths:5
  Sewer (visited)         Gauntlet (visited)

Altars:
Ashenzari
Cheibriados
Dithmenos
Elyvilon
Fedhas
Gozag
Hepliaklqana
Kikubaaqudgha
Makhleb
Nemelex Xobeh
Okawaru
Qazlal
Ru
Sif Muna
Trog
Uskayaw
Vehumet
Wu Jian
Xom
Yredelemnul
Zin
The Shining One
Beogh
Jiyva

Shops:
D:7 (   D:8 *   D:10 !   D:11 =   Orc:2 !*=(   Elf:1 }(   Elf:2 *   Elf:3 :
Snake:2 }:   Snake:3 !   Snake:4 [   Depths:3 =   Depths:4 }=}

Portals:
Hell: Depths:1 Depths:2 Depths:3 Depths:4 Depths:5
Abyss: Depths:4 Depths:5
Pandemonium: Depths:3
Ziggurat: Depths:3

Annotations:
Lair:4 Juirae's ghost, journeyman TrMo; Ubbatiosk's ghost, journeyman HaHu
Vaults:5 Boris

..... ...e
▓▓▓▓▓▓▓..▓
.o....(o.▓
Coo...op.▓
▓po▓ ▓oD▓
▓oX▓ ▓@o▓
▓DD▓ ▓Wp▓
▓O§▓ ▓.§▓
...O.......?▓
...D......W.▓
▓▓▓▓▓▓▓▓▓▓..▓
..▓


You could see a tentacled monstrosity (strong), a golden dragon, 2 storm
dragons, a vault warden, an orc knight, a vault sentinel, a phantasmal warrior,
an ironbrand convoker, a deep elf mage, 2 orc warriors and 3 orcs.


Message History

The orc knight roars a battlecry!
The orc warrior goes into a battle-frenzy!
The storm dragon completely misses you. The storm dragon claws you.
* * * LOW HITPOINT WARNING * * *
You block the storm dragon's attack. The orc warrior closely misses you.
The orc completely misses you. x2
The tentacled monstrosity tentacle-slaps you!
* * * LOW HITPOINT WARNING * * *
The tentacled monstrosity tentacle-slaps you.
* * * LOW HITPOINT WARNING * * *
The tentacled monstrosity tentacle-slaps you!
* * * LOW HITPOINT WARNING * * *
You block the tentacled monstrosity's attack.
The vault warden hits you but does no damage.
The storm dragon completely misses you. x3
Unknown command.
You feel much better.
The storm dragon completely misses you. x2
You block the storm dragon's attack.
The ogre mage mumbles some strange words.
The ogre mage blinks!
The orc warrior hits you from afar with a +0 trident!!
* * * LOW HITPOINT WARNING * * *
You block the orc's attack.
A deep elf mage comes into view. It is wielding a +0 short sword.
The tentacled monstrosity tentacle-slaps you!!
* * * LOW HITPOINT WARNING * * *
The tentacled monstrosity completely misses you.
You block the tentacled monstrosity's attack. x2
The orc completely misses you. The storm dragon bites you!
You die...

Skill      XL: |  1  2  3  4  5  6  7  8  9 10 11 12 13 14 15 16 17 18 19 20 21 22 23 24 |
---------------+-------------------------------------------------------------------------+-----
Stealth        | 5 6 7 8 9 11 12 14 15 17 18 19 21 22 23 24 25 26 27 | 27.0
Hexes          | 5 6 7 9 10 12 13 14 16 17 18 19 20 21 23 24 | 24.4
Dodging        | 3 4 5 6 7 9 10 11 12 13 14 15 16 17 18 19 20 21 | 21.8
Fighting       | 1 2 3 4 5 6 7 8 9 10 11 12 13 14 | 14.2
Short Blades   | 2 3 4 5 6 7 8 9 10 11 12 13 14 15 16 | 16.3
Spellcasting   | 3 4 5 6 7 8 9 10 11 12 13 14 | 14.3
Shields        | 2 4 5 7 9 10 12 13 | 13.0
Necromancy     | 5 9 |  9.7

Action                   |  1- 3 |  4- 6 |  7- 9 | 10-12 | 13-15 | 16-18 | 19-21 | 22-24 | 25-27 || total
-------------------------+-------+-------+-------+-------+-------+-------+-------+-------+-------++-------
Melee: Dagger            |    89 |    70 |   375 |   685 |   743 |       |       |       |       ||  1962
       Bite              |     9 |     7 |    35 |    59 |    95 |   177 |   106 |   260 |    22 ||   770
       Rapier            |       |       |       |       |   202 |  1240 |   692 |  1706 |    75 ||  3915
       Long sword        |       |       |       |       |       |    77 |       |       |       ||    77
 Cast: Corona            |    19 |     2 |     2 |     8 |    18 |    15 |     2 |     9 |       ||    75
       Ensorcelled Hiber |    20 |    19 |   116 |   170 |   207 |   188 |    84 |    40 |       ||   844
       Confusing Touch   |     2 |     5 |    31 |    63 |    95 |   177 |   103 |   209 |    15 ||   700
       Tukima's Dance    |       |       |       |     7 |       |       |     1 |       |       ||     8
       Yara's Violent Un |       |       |       |       |     5 |     1 |       |       |       ||     6
       Fulminant Prism   |       |       |       |       |     3 |    12 |    13 |       |       ||    28
       Dazzling Flash    |       |       |       |       |     3 |     6 |     3 |    53 |       ||    65
       Leda's Liquefacti |       |       |       |       |       |     1 |     3 |     5 |       ||     9
       Borgnjor's Vile C |       |       |       |       |       |       |       |     4 |     2 ||     6
Invok: Shadow Step       |       |       |       |       |     1 |       |     5 |     2 |       ||     8
 Abil: Exsanguinate      |     1 |       |       |       |       |       |       |       |       ||     1
       Stop Flying       |       |       |       |       |     2 |       |       |       |       ||     2
       End Transformatio |       |       |       |       |     2 |       |       |     1 |       ||     3
       Bat Form          |       |       |       |       |     2 |       |       |     1 |       ||     3
Evoke: Wand              |       |       |       |       |     1 |       |       |       |       ||     1
  Use: Scroll            |       |     4 |     9 |    13 |    17 |    14 |     8 |     4 |     5 ||    74
       Potion            |       |       |       |       |       |     3 |     1 |     5 |     1 ||    10
 Stab: Sleeping          |    25 |    24 |   106 |   134 |   229 |   182 |   133 |   211 |       ||  1044
       Confused          |     1 |     4 |    21 |    57 |    84 |   159 |   100 |   184 |    13 ||   623
       Distracted        |       |       |       |     2 |       |     1 |       |     1 |       ||     4
       Invisible         |       |       |       |       |     4 |     5 |     9 |    22 |       ||    40
Armor: Robe              |    12 |    15 |    86 |    72 |    97 |   153 |    34 |    97 |    12 ||   578
Dodge: Dodged            |    56 |    33 |   270 |   445 |   830 |   913 |   355 |   687 |   150 ||  3739
Block: Other             |       |       |    23 |    77 |    10 |       |       |       |       ||   110
       Reflection        |       |       |     4 |       |       |   104 |    37 |   106 |     6 ||   257
       Buckler           |       |       |       |       |     2 |   810 |   356 |   778 |   129 ||  2075
       Rpst.: Long sword |       |       |       |       |       |    15 |       |       |       ||    15

Levels and vault maps discovered:
D:1:      dpeg_arrival_pond, layout_basic, minmay_misc_feat_rows, moated_statue
D:2:      layout_basic, tso_oasis_becter, elyvilon_altar_5, okawaru_gym_becter,
          serial_bayou_ford_a, minmay_misc_feat_enclosed,
          kennysheep_jessica_study
D:3:      layout_basic, chequers_ecumenical_altar_grove, serial_park_tiny_2
D:4:      layout_loops_ring, corexii_mini_fake_secret_closet, uniq_eustachio,
          uniq_crazy_yiuf_cottage, uniq_natasha
D:5:      layout_basic, grunt_gozag_breadcrumbs, lightli_sewer_entry_pipes,
          uniq_blork_the_orc
D:6:      layout_basic, kennysheep_mini_moat
D:7:      kennysheep_slugbush, layout_cave_pools,
          minmay_temple_entry_nine_rooms, serial_gnoll_camp,
          gnoll_camp_mini_house, grums_kennel, gnoll_camp_mini_hut,
          gnoll_camp_mini_shop, kennysheep_small_circle
D:8:      layout_gridville, nzn_wu_jian_council_hall, slow_altar_2,
          erik_lair_island, serial_shops, shop
D:9:      layout_long_grid, overflow_temple_1_default, minitemple,
          david_defended_altar_orc
D:10:     layout_cave_pools, erik_orc_2, serial_shops, shop, uniq_joseph
D:11:     layout_cave_pools, serial_shops, nicolae_shop_trees,
          biasface_ghost_orc_armoury, zaba_anthell
D:12:     layout_long_grid, gauntlet_entry_generic, minivault_12
D:13:     layout_loops_cross, gammafunk_ghost_split,
          nicolae_looking_at_the_future
D:14:     minmay_the_grid_triangle_9x9_rhombus_thin_mashed
          [minmay_the_grid_triangle_9x9_intruding_spiral,
          minmay_the_grid_triangle_9x9_prize_insulated,
          minmay_the_grid_triangle_9x9_warning,
          minmay_the_grid_triangle_9x9_shrine], layout_rooms,
          grunt_vaults_entry_tiered, minivault_27, st_stairs_2,
          einodemon_crawler_minivault
D:15:     hangedman_depths_entry_civil_slaughter, layout_long_grid,
          minmay_misc_feat_encased, grunt_decor_fettered
Temple:   nicolae_temple_hex_pool
Lair:1:   lemuel_ratsnest, layout_chaotic_city, serial_bayou_shore_a, uniq_erica
Lair:2:   layout_loops_ring, minmay_snake_entry_six_corridors,
          serial_bayou_shore_b, grunt_megastairs_3, infiniplex_staircase_pool,
          serial_bayou_shore_b
Lair:3:   layout_chaotic_city, basic_altar
Lair:4:   layout_regular_city, minmay_swamp_entry_worms,
          gammafunk_ghost_cemetery, st_stairs_7, grunt_forest_stairs_clearing
Lair:5:   layout_loops_ring, lemuel_fruit_tree
Lair:6:   gammafunk_lair_ancient_temple, layout_cave_pods, slime_altar_1,
          uniq_josephine
Swamp:1:  layout_basic_swamp, gammafunk_ghost_mausoleum, serial_swamp_ruin,
          evilmike_swamp_ruin_house_1, evilmike_swamp_ruin_rubble_2,
          evilmike_swamp_ruin_wall, uniq_louise
Swamp:2:  layout_basic_swamp, hangedman_swamp_ruin_wall, swamp_pool4,
          lightli_tree_ring
Swamp:3:  layout_basic_swamp, evilmike_swamp_ruin_house_3, swamp_pool5
Swamp:4:  swamp_alternative, layout_basic_swamp, nicolae_swamp_treefoil,
          swamp_pool3, hangedman_swamp_cone
Snake:1:  layout_honeycomb
Snake:2:  layout_gridlike, minmay_shop_star, serial_bayou_shore_b
Snake:3:  layout_misc_corridors, serial_shops, shop
Snake:4:  snake_pit, layout_cave_town, serial_shops, nicolae_shop_behind_doors,
          grunt_megastairs_4
Orc:1:    layout_diamond_mine, ebering_ghost_disaster_area
Orc:2:    st_orc_ogre_mass, layout_diamond_mine, gammafunk_ghost_smash
Elf:1:    minmay_elf_arrival_summoners, layout_rooms, serial_shops,
          nicolae_shop_stone, shop, hangedman_elf_represent, grunt_ministairs_2,
          uniq_jorgrun, uniq_agnes
Elf:2:    layout_onion_city, serial_shops, shop, minmay_elf_annihilation
Elf:3:    minmay_elf_hall_golems, layout_loops_corners, serial_shops, shop
Vaults:1: nicolae_vaults_ninety_degrees, grunt_vaults_bifocal, v_misc_25,
          v_misc_26, grunt_vaults_hallway_short, v_misc_5, vaults_dpeg_diagonal,
          nicolae_vaults_diagonal_hallway_7, ontoclasm_vaults_shuriken,
          vaults_room_hangedman_quadrants, vaults_room_grunt_arrival_ludios,
          nicolae_vaults_yaktaur_gun_rack, nicolae_vaults_alarming,
          vaults_dpeg_ring, layout_vaults_omnicross, serial_glass, basic_altar,
          uniq_donald
Vaults:2: grunt_vaults_swirl, nicolae_vaults_little_ls, vaults_room_door_hall,
          v_misc_15, grunt_vaults_twisty, minmay_crypt_entry_necro_gods,
          nicolae_vaults_shelves_hall, ontoclasm_vaults_misaligned,
          layout_vaults_chaotic_city, serial_shops, bzr_entry_customers,
          uniq_bai_suzhen, uniq_mara, uniq_xtahua, uniq_sojobo
Vaults:3: hangedman_vaults_stream, v_rooms_4, v_pattern_3, nicolae_vaults_theta,
          v_misc_8, vaults_room_door_ring, vaults_room_guarded_vault, v_misc_22,
          v_alt_pattern_6, nicolae_vaults_little_squares_6,
          ontoclasm_vaults_ligature, vaults_dpeg_hooks, v_misc_2,
          ontoclasm_vaults_loading_screen, layout_vaults_ring
Vaults:4: v_alt_pattern_6, nicolae_vaults_theta,
          nicolae_vaults_good_morning_starshine, nicolae_vaults_shelves_hall,
          ontoclasm_vaults_loading_screen, layout_vaults_omnigrid, serial_shops,
          statue_bzr, uniq_frederick
Vaults:5: uniq_boris
Depths:1: layout_gridlike, hangedman_abyss_or_decor_passed,
          grunt_hell_entry_dis_mu, drop_trap, kennysheep_generic_room_5
Depths:2: minmay_roctagon, layout_gridlike, nicolae_ashenzari_panopticon,
          lightli_too_deep, grunt_megastairs_1, infiniplex_staircase_spiral,
          uniq_nikola
Depths:3: kennysheep_snake, layout_basic, enter_ziggurat_c,
          serial_co_window_serial, co_window_paths_b, co_window_corner_a,
          co_window_corner_a, co_window_paths_b, co_window_corner_a,
          co_window_2corner, co_window_of_opportunity_b, co_window_corner_b,
          co_window_corner_b, co_window_corner_ca, co_window_corner_ca,
          co_window_2corner, glass_columns_a, glass_columns_a, glass_columns_b,
          glass_columns_c, glass_columns_b, serial_shops,
          nicolae_shop_behind_doors, minmay_misc_feat_columns, pan_entry,
          hell_entry, chequers_serial_rivers_micro_c,
          amcnicky_mini_corridor_feature, minmay_staircase_statues
Depths:4: cheibrodos_tormentor_scu, layout_twisted_cross, abyss_entry,
          serial_shops, bzr_entry_road, hell_entry, minmay_shop_grove,
          grunt_megastairs_5, infiniplex_staircase_pillars_2
Depths:5: grunt_zot_entry_tricorne, layout_cave_pools, abyss_entry,
          minmay_misc_feat_iff, pf_vacation_house_of_asmodeus,
          hangedman_corner_corridor

Notes
Turn   | Place    | Note
-------+----------+-------------------------------------------
     0 | D:1      | infcreate the Vampire Enchanter began the quest for the
                  | Orb.
     0 | D:1      | Reached XP level 1. HP: 13/13 MP: 3/3
   767 | D:1      | Reached XP level 2. HP: 9/15 MP: 0/5
   770 | D:1      | Learned a level 2 spell: Ensorcelled Hibernation
  1424 | D:2      | Found an iron altar of Okawaru.
  1784 | D:2      | Reached XP level 3. HP: 20/20 MP: 2/6
  1816 | D:2      | Found a white marble altar of Elyvilon.
  1890 | D:2      | Learned a level 3 spell: Confusing Touch
  1989 | D:2      | Reached skill level 5 in Stealth
  2103 | D:2      | Reached skill level 5 in Hexes
  2562 | D:2      | Noticed Jessica
  2599 | D:2      | Killed Jessica
  2600 | D:2      | Reached skill level 3 in Dodging
  2600 | D:2      | Reached XP level 4. HP: 24/24 MP: 7/7
  2641 | D:2      | Found a glowing golden altar of the Shining One.
  3593 | D:3      | Found a faded altar of an unknown god.
  3810 | D:4      | Noticed Natasha
  3820 | D:4      | Killed Natasha
  3821 | D:4      | Reached skill level 1 in Fighting
  3821 | D:4      | Reached XP level 5. HP: 23/29 MP: 5/8
  3915 | D:4      | Reached skill level 2 in Short Blades
  4068 | D:4      | Reached skill level 6 in Stealth
  4117 | D:4      | Noticed Natasha
  4215 | D:4      | Killed Natasha
  4235 | D:4      | Noticed Eustachio
  4279 | D:4      | Noticed Natasha
  4316 | D:4      | Killed Natasha
  4317 | D:4      | Reached skill level 6 in Hexes
  4339 | D:3      | Killed Eustachio
  4340 | D:3      | Reached XP level 6. HP: 29/34 MP: 1/10
  4483 | D:4      | Found a runed translucent door.
  4484 | D:4      | Noticed Crazy Yiuf
  4490 | D:4      | Killed Crazy Yiuf
  4567 | D:4      | Reached skill level 4 in Dodging
  4619 | D:4      | Reached skill level 7 in Stealth
  4619 | D:4      | Reached XP level 7. HP: 34/39 MP: 6/11
  4749 | D:5      | Entered Level 5 of the Dungeon
  4846 | D:5      | Reached skill level 3 in Spellcasting
  4865 | D:5      | Reached skill level 7 in Hexes
  4918 | D:5      | Found a glowing drain.
  4927 | Sewer    | Entered a sewer
  5180 | Sewer    | Reached skill level 2 in Fighting
  5397 | Sewer    | Reached skill level 3 in Short Blades
  5668 | Sewer    | Reached skill level 5 in Dodging
  5668 | Sewer    | Reached skill level 8 in Stealth
  5964 | D:5      | Found an opulent altar of Gozag.
  6118 | D:5      | Reached XP level 8. HP: 44/44 MP: 10/13
  6409 | D:5      | Noticed Blork the orc
  6413 | D:5      | Killed Blork the orc
  6558 | D:5      | Reached skill level 8 in Hexes
  6922 | D:6      | Reached skill level 9 in Stealth
  7157 | D:6      | Reached skill level 4 in Short Blades
  7292 | D:6      | Reached skill level 6 in Dodging
  7490 | D:6      | Found a bloodstained altar of Trog.
  7615 | D:7      | Reached skill level 3 in Fighting
  7671 | D:7      | Noticed a red ugly thing
  7760 | D:7      | Reached skill level 9 in Hexes
  7780 | D:7      | Reached skill level 4 in Spellcasting
  8097 | D:7      | Reached XP level 9. HP: 50/50 MP: 6/15
  8282 | D:7      | Found Qalaumui's Weapon Emporium.
  8458 | D:7      | Reached skill level 10 in Stealth
  8762 | D:7      | Noticed Grum
  8790 | D:7      | Killed Grum
  9041 | D:7      | Reached skill level 7 in Dodging
  9078 | D:7      | Killed a red ugly thing
  9079 | D:7      | Reached skill level 10 in Hexes
  9259 | D:7      | Reached skill level 5 in Short Blades
  9261 | D:7      | Reached skill level 11 in Stealth
  9264 | D:7      | Found a staircase to the Ecumenical Temple.
  9270 | Temple   | Entered the Ecumenical Temple
  9395 | D:8      | Found an ornate altar of the Wu Jian Council.
  9458 | D:8      | Found Ocvibry's General Store.
  9458 | D:8      | Noticed a two-headed ogre
  9500 | D:7      | Learned a level 3 spell: Tukima's Dance
  9504 | D:7      | Learned a level 3 spell: Dazzling Flash
  9553 | D:8      | Reached skill level 4 in Fighting
  9599 | D:8      | Found a snail-covered altar of Cheibriados.
  9984 | D:8      | Noticed a troll
 10030 | D:7      | Reached XP level 10. HP: 56/56 MP: 14/17
 10584 | D:8      | Killed a two-headed ogre
 10585 | D:8      | Reached skill level 8 in Dodging
 10585 | D:8      | Reached skill level 5 in Spellcasting
 10585 | D:8      | Reached skill level 11 in Hexes
 10735 | D:8      | Found a staircase to the Lair.
 11282 | D:9      | Found a sacrificial altar of Ru.
 11283 | D:9      | Found a glowing silver altar of Zin.
 11366 | D:9      | Found a bloodstained altar of Trog.
 11473 | D:9      | Reached skill level 12 in Stealth
 11635 | D:9      | Found a shadowy altar of Dithmenos.
 11643 | D:9      | Became a worshipper of Dithmenos the Shadowed
 11729 | D:9      | Noticed a two-headed ogre
 11764 | D:9      | Killed a two-headed ogre
 12109 | D:10     | Entered Level 10 of the Dungeon
 12291 | D:10     | Noticed a gargoyle
 12357 | D:10     | Killed a gargoyle
 12358 | D:10     | Reached skill level 6 in Short Blades
 12614 | D:10     | Reached * piety under Dithmenos
 12637 | D:10     | Noticed Joseph
 12736 | D:10     | Reached skill level 9 in Dodging
 12769 | D:10     | Reached skill level 12 in Hexes
 12935 | D:10     | Reached skill level 5 in Fighting
 13040 | D:10     | Found a staircase to the Orcish Mines.
 13098 | D:10     | Reached XP level 11. HP: 63/63 MP: 19/19
 13163 | D:10     | Found Zuph's Distillery.
 13265 | D:10     | Killed Joseph
 13270 | D:11     | Noticed a purple ugly thing
 13275 | D:11     | Killed a purple ugly thing
 13341 | D:11     | Reached skill level 13 in Stealth
 13470 | D:11     | Found Ungaofap's Jewellery Emporium.
 13479 | D:11     | Bought an uncursed ring of stealth for 210 gold pieces
 13508 | D:11     | Found a runed translucent gate.
 13509 | D:11     | Found a runed translucent gate.
 13511 | D:11     | Found a runed translucent gate.
 13518 | D:11     | Found a roughly hewn altar of Beogh.
 13520 | D:11     | Noticed Tramtrist's ghost (journeyman DDFi)
 13861 | D:11     | Learned a level 4 spell: Fulminant Prism
 14079 | D:11     | Noticed a queen ant
 14193 | D:11     | Reached ** piety under Dithmenos
 14437 | D:11     | Killed a queen ant
 14438 | D:11     | Reached skill level 6 in Spellcasting
 14801 | Lair:1   | Entered Level 1 of the Lair of Beasts
 14883 | Lair:1   | Reached skill level 13 in Hexes
 14909 | Lair:1   | Reached skill level 10 in Dodging
 14967 | Lair:1   | Reached skill level 7 in Short Blades
 14981 | Lair:1   | Reached skill level 14 in Stealth
 15107 | Lair:1   | Reached *** piety under Dithmenos
 15639 | Lair:1   | Reached XP level 12. HP: 69/69 MP: 4/21
 15845 | Lair:1   | Noticed Erica
 15979 | Lair:1   | Reached **** piety under Dithmenos
 16145 | Lair:1   | Killed Erica
 16146 | Lair:1   | Reached skill level 6 in Fighting
 16668 | Lair:2   | Found a staircase to the Snake Pit.
 16699 | Lair:2   | Reached skill level 15 in Stealth
 16699 | Lair:2   | Reached skill level 14 in Hexes
 16991 | Lair:2   | Reached skill level 11 in Dodging
 17155 | Lair:2   | Identified a scarf of resistance (You found it on level 2
                  | of the Lair of Beasts)
 17312 | Lair:3   | Reached skill level 8 in Short Blades
 17312 | Lair:3   | Reached skill level 7 in Spellcasting
 17364 | Lair:3   | Learned a level 5 spell: Yara's Violent Unravelling
 17510 | Lair:3   | Noticed a four-headed hydra
 17532 | Lair:3   | Killed a four-headed hydra
 17532 | Lair:3   | Reached ***** piety under Dithmenos
 17781 | Snake:1  | Entered Level 1 of the Snake Pit
 17902 | Lair:3   | Reached XP level 13. HP: 76/76 MP: 23/23
 17947 | Lair:3   | Found a glowing golden altar of the Shining One.
 18207 | Lair:4   | Reached skill level 16 in Stealth
 18300 | Lair:3   | Reached skill level 15 in Hexes
 18703 | Lair:4   | Reached skill level 7 in Fighting
 18856 | Lair:4   | Found a runed translucent gate.
 18856 | Lair:4   | Found a runed translucent gate.
 18856 | Lair:4   | Found a runed translucent gate.
 18856 | Lair:4   | Noticed Ubbatiosk's ghost (journeyman HaHu)
 18857 | Lair:4   | Noticed Juirae's ghost (journeyman TrMo)
 18903 | Lair:4   | Reached skill level 12 in Dodging
 19641 | Lair:4   | Found a staircase to the Swamp.
 20285 | Lair:6   | Entered Level 6 of the Lair of Beasts
 20296 | Lair:6   | Reached skill level 17 in Stealth
 20323 | Lair:6   | Reached skill level 9 in Short Blades
 20369 | Lair:6   | Found a viscous altar of Jiyva.
 20369 | Lair:6   | Found a staircase to the Slime Pits.
 20369 | Lair:6   | Noticed Josephine
 20587 | Lair:3   | HP: 5/76 [death yak (21)]
 20999 | Lair:2   | Reached skill level 16 in Hexes
 21600 | Lair:6   | Killed Josephine
 21783 | Lair:6   | Reached skill level 8 in Spellcasting
 21783 | Lair:6   | Reached XP level 14. HP: 82/82 MP: 9/26
 22528 | Lair:5   | Reached skill level 13 in Dodging
 23020 | Lair:6   | Found the ring of the Tortoise {AC+8}
 23064 | Lair:6   | Reached skill level 18 in Stealth
 23487 | D:12     | Found a gate leading to a gauntlet.
 23500 | Gauntlet | Entered a Gauntlet
 23500 | Gauntlet | Found a transporter.
 23500 | Gauntlet | Found a transporter.
 23511 | Gauntlet | Found a transporter.
 23525 | Gauntlet | Found a transporter.
 23541 | Gauntlet | Found a transporter.
 23560 | Gauntlet | Found a transporter.
 23570 | Gauntlet | Found a transporter.
 23576 | Gauntlet | Found a transporter.
 23607 | Gauntlet | Found a transporter.
 23610 | Gauntlet | Found a transporter.
 23610 | Gauntlet | Found a transporter.
 23637 | Gauntlet | Found the +3 sling "Punk" {acid, rCorr}
 23645 | Gauntlet | Found a transporter.
 23838 | Gauntlet | Got a clouded iron ring
 23839 | Gauntlet | Identified the ring of Curiosity {rElec MP+9} (You found it
                  | in a Gauntlet)
 23875 | Gauntlet | Reached skill level 8 in Fighting
 24221 | Gauntlet | Got a wavering steel ring
 24222 | Gauntlet | Got a pitted long sword
 24223 | Gauntlet | Identified the +9 long sword of the Lurker {flame, rElec
                  | MP+9 Int+4} (You found it in a Gauntlet)
 24226 | Gauntlet | Identified the ring of Gota {*Drain rF+++ EV+4 Dex+4} (You
                  | found it in a Gauntlet)
 24565 | D:12     | Reached skill level 1 in Shields
 24714 | D:12     | Reached ****** piety under Dithmenos
 25195 | D:11     | Killed Tramtrist's ghost
 25275 | D:11     | Got a pair of spiked boots
 25281 | D:11     | Identified the +0 pair of boots of Analysis {rN+} (You
                  | found it on level 11 of the Dungeon)
 25822 | Orc:1    | Entered Level 1 of the Orcish Mines
 25822 | Orc:1    | Found a large runed translucent door.
 25822 | Orc:1    | Found a large runed translucent door.
 25877 | Orc:1    | Noticed unihiutale's ghost (journeyman HuWn)
 25886 | Orc:1    | Killed unihiutale's ghost
 25887 | Orc:1    | Reached skill level 17 in Hexes
 26382 | Orc:2    | Entered Level 2 of the Orcish Mines
 26637 | D:8      | Bought a +2 robe of the Archmagi for 527 gold pieces
 27003 | Orc:2    | Noticed JazCRAWL's ghost (journeyman DsBe)
 27003 | Orc:2    | Identified the cursed +1 great mace of Putrescence {vorpal,
                  | +Fly Int+6}
 27003 | Orc:2    | Identified the +6 great mace of Taxation {freeze, rF+}
 27004 | Orc:2    | Found a transporter.
 27025 | Orc:2    | Found a transporter.
 27098 | Orc:2    | Found a staircase to the Elven Halls.
 27138 | Orc:2    | Reached skill level 2 in Shields
 27161 | Orc:2    | Reached skill level 10 in Short Blades
 27418 | Orc:2    | Reached XP level 15. HP: 89/89 MP: 22/27
 27680 | Orc:2    | Reached skill level 19 in Stealth
 27841 | Orc:2    | Reached skill level 14 in Dodging
 27977 | Orc:2    | Found Weomus's Jewellery Boutique.
 27977 | Orc:2    | Found Tastalom's Distillery.
 27977 | Orc:2    | Found Kousmomm's Weapon Emporium.
 27977 | Orc:2    | Found Oroziler's General Store.
 27985 | Orc:2    | Bought the +11 rapier "Arbiter" {freeze, rPois rC- Will+++
                  | Int-2 SInv} for 776 gold pieces
 28440 | D:12     | Reached skill level 3 in Shields
 28440 | D:12     | Reached skill level 9 in Spellcasting
 28915 | D:13     | Got a pair of ichor-stained gloves
 28926 | D:13     | Identified the cursed +0 pair of gloves "Neumuatz" {rC+
                  | SInv} (You found it on level 13 of the Dungeon)
 29078 | D:13     | Found a runed translucent gate.
 29078 | D:13     | Found a runed translucent gate.
 29078 | D:13     | Found a runed translucent gate.
 29084 | D:13     | Noticed protoss039's ghost (journeyman DEEE)
 29084 | D:13     | Noticed a tengu reaver
 29526 | D:14     | Reached skill level 9 in Fighting
 29694 | D:14     | Found a gate to the Vaults.
 29878 | D:14     | Reached skill level 4 in Shields
 30001 | D:14     | Reached XP level 16. HP: 96/96 MP: 26/29
 30022 | D:14     | Reached skill level 20 in Stealth
 30284 | D:14     | Reached skill level 18 in Hexes
 30355 | D:14     | Reached skill level 11 in Short Blades
 30705 | D:14     | Found a burning altar of Makhleb.
 30794 | D:14     | Identified a scroll of acquirement
 30794 | D:14     | Acquired 1081 gold pieces
 30836 | D:15     | Entered Level 15 of the Dungeon
 30897 | D:15     | Reached skill level 15 in Dodging
 31570 | D:15     | Found a staircase to the Depths.
 32205 | D:13     | Killed protoss039's ghost
 32704 | Orc:2    | Identified 3 potions of resistance
 32728 | Orc:2    | Killed JazCRAWL's ghost
 33082 | Swamp:1  | Entered Level 1 of the Swamp
 33780 | Swamp:1  | Found a transporter.
 33807 | Swamp:1  | Reached skill level 10 in Spellcasting
 33809 | Swamp:1  | Found a transporter.
 33810 | Swamp:1  | Noticed Silenth's ghost (adept KoHu)
 34127 | Swamp:1  | Reached skill level 21 in Stealth
 34203 | Swamp:1  | Noticed Louise
 34297 | Swamp:1  | Killed Louise
 34594 | Swamp:1  | Killed Silenth's ghost
 34595 | Swamp:1  | Reached skill level 5 in Shields
 35412 | Swamp:2  | Reached XP level 17. HP: 76/101 MP: 25/31
 35568 | Swamp:1  | Reached skill level 10 in Fighting
 37659 | Swamp:4  | Entered Level 4 of the Swamp
 37666 | Swamp:4  | Reached skill level 6 in Shields
 37666 | Swamp:4  | Reached skill level 19 in Hexes
 37907 | Swamp:4  | Reached skill level 16 in Dodging
 38902 | Swamp:4  | Reached skill level 12 in Short Blades
 39784 | Swamp:4  | Reached skill level 22 in Stealth
 39868 | Swamp:4  | Reached skill level 7 in Shields
 39962 | Swamp:4  | Got a decaying rune of Zot
 41438 | Snake:2  | Found Uperuz's Gadget Shop.
 41447 | Snake:2  | Reached XP level 18. HP: 108/108 MP: 32/32
 41486 | Snake:2  | Found Ukhleurio's Book Shop.
 41539 | Snake:2  | Bought a book of Debilitation for 760 gold pieces
 41544 | Snake:2  | Learned a level 4 spell: Leda's Liquefaction
 42064 | Snake:2  | Reached skill level 8 in Shields
 42234 | Snake:3  | Found Ablasumi's Distillery.
 42459 | Snake:3  | Identified a +1 robe of resistance
 42474 | Snake:3  | Reached skill level 11 in Spellcasting
 42953 | Snake:4  | Entered Level 4 of the Snake Pit
 42969 | Snake:4  | Reached skill level 17 in Dodging
 43070 | Snake:4  | Found Vylaodu's Antique Armour Shoppe.
 43073 | Snake:4  | Bought the +3 warlock's mirror {reflect} for 1320 gold
                  | pieces
 43073 | Snake:4  | Found the +3 warlock's mirror {reflect}
 43073 | Snake:4  | Bought a distressingly furry robe for 188 gold pieces
 43073 | Snake:4  | Bought a pair of runed gloves for 247 gold pieces
 43090 | Snake:4  | Identified the +1 robe of the Stallion {rPois} (You bought
                  | it in a shop on level 4 of the Snake Pit)
 43364 | Snake:4  | Reached skill level 23 in Stealth
 43431 | Snake:4  | Reached skill level 11 in Fighting
 43809 | Snake:4  | Reached skill level 9 in Shields
 45097 | Snake:4  | Reached skill level 20 in Hexes
 45227 | Snake:4  | Got a serpentine rune of Zot
 45639 | Vaults:1 | Entered Level 1 of the Vaults
 45649 | Vaults:1 | Reached skill level 13 in Short Blades
 45649 | Vaults:1 | Reached XP level 19. HP: 115/115 MP: 25/34
 46157 | Vaults:1 | Found a snail-covered altar of Cheibriados.
 46686 | Vaults:1 | Noticed Donald
 46711 | Vaults:1 | Killed Donald
 46891 | Vaults:1 | Reached skill level 10 in Shields
 46983 | Vaults:1 | Acquired a +2 pair of gloves of strength
 46996 | Vaults:1 | Acquired 644 gold pieces
 46998 | Vaults:1 | Acquired 903 gold pieces
 47629 | Vaults:1 | Learned a level 6 spell: Invisibility
 47672 | Vaults:2 | Found a flickering gateway to a bazaar.
 47683 | Bazaar   | Entered a bazaar
 47684 | Bazaar   | Found Poasu's Gadget Emporium.
 47692 | Bazaar   | Found Iloul's Gadget Shoppe.
 47699 | Bazaar   | Found Muceato's Jewellery Shoppe.
 47751 | Bazaar   | Found Jocah's Armour Shop.
 47849 | Vaults:2 | Noticed Xtahua
 47851 | Vaults:2 | Killed Xtahua
 48006 | Vaults:2 | Reached skill level 24 in Stealth
 48162 | Vaults:2 | Noticed Bai Suzhen
 48165 | Vaults:2 | Killed Bai Suzhen
 48166 | Vaults:2 | Reached skill level 18 in Dodging
 48639 | Vaults:2 | Noticed Mara
 48641 | Vaults:2 | Killed Mara
 48766 | Vaults:2 | Noticed Sojobo
 48768 | Vaults:2 | Killed Sojobo
 48791 | Vaults:2 | Found a staircase to the Crypt.
 48791 | Vaults:2 | Found a basalt altar of Yredelemnul.
 48792 | Vaults:2 | Found an ancient bone altar of Kikubaaqudgha.
 49056 | Vaults:3 | Reached XP level 20. HP: 121/121 MP: 22/35
 49648 | Vaults:3 | Reached skill level 12 in Spellcasting
 49778 | Vaults:3 | Reached skill level 11 in Shields
 50958 | Vaults:4 | Reached skill level 12 in Fighting
 51233 | Vaults:4 | Reached skill level 25 in Stealth
 51492 | Vaults:4 | Reached skill level 14 in Short Blades
 51766 | Vaults:4 | Reached skill level 21 in Hexes
 52068 | Vaults:4 | Found a gateway to a bazaar.
 52783 | Vaults:4 | Reached skill level 19 in Dodging
 53083 | Vaults:4 | Identified a potion of experience
 53089 | Vaults:4 | Reached skill level 12 in Shields
 53089 | Vaults:4 | Reached XP level 21. HP: 127/127 MP: 37/37
 53100 | Vaults:4 | Noticed Frederick
 53102 | Vaults:4 | Killed Frederick
 53284 | Bazaar   | Entered a bazaar
 53286 | Bazaar   | Found Terphipniu's Book Shoppe.
 53298 | Bazaar   | Found Emegg's Book Emporium.
 53324 | Bazaar   | Found Tuuxkiaph's General Store.
 53370 | Bazaar   | Found Dium's Gadget Boutique.
 53778 | Elf:1    | Entered Level 1 of the Elven Halls
 53780 | Elf:1    | Noticed Jorgrun
 53788 | Elf:1    | Killed Jorgrun
 53797 | Elf:1    | Reached XP level 22. HP: 133/133 MP: 38/38
 54363 | Elf:1    | Found Gidapn's Weapon Shop.
 54866 | Elf:1    | Noticed Agnes
 54868 | Elf:1    | Killed Agnes
 54900 | Elf:1    | Found Bugis's Gadget Shoppe.
 55271 | Elf:2    | Found a runed translucent gate.
 55271 | Elf:2    | Found a runed translucent gate.
 55271 | Elf:2    | Found a runed translucent gate.
 55391 | Elf:2    | Identified the Almanac of Confrontation
 55439 | Elf:2    | Found Ytehipt's Assorted Antiques.
 55727 | Elf:2    | Reached skill level 26 in Stealth
 56747 | Elf:3    | Entered Level 3 of the Elven Halls
 57002 | Elf:3    | Found Okhlioss's Book Emporium.
 57025 | Elf:3    | Bought a book of Death for 980 gold pieces
 58268 | Elf:3    | Identified the ring of the Chupacabra {EV+4 Int+2}
 58296 | Elf:3    | Reached skill level 13 in Spellcasting
 58364 | Elf:3    | Identified the +0 leather armour of a wizard's laboratory
                  | {Str+4}
 58404 | Elf:3    | Reached skill level 13 in Shields
 58446 | Elf:3    | Reached skill level 20 in Dodging
 59314 | Elf:3    | Reached skill level 15 in Short Blades
 59320 | Elf:3    | Reached XP level 23. HP: 139/139 MP: 36/40
 59356 | Elf:3    | Reached skill level 13 in Fighting
 59683 | Elf:3    | Reached skill level 22 in Hexes
 59938 | Elf:3    | Identified the Disquisition on Shifting Necromancy
 59949 | Elf:3    | Identified Giuskih's Papyrus of the Rocks and the Compass
 59996 | Elf:3    | Identified the Reference Book on Orientation and Ice
 60290 | Depths:1 | Entered Level 1 of the Depths
 61051 | Depths:1 | Got a warped iron ring
 61052 | Depths:1 | Identified the ring of Cynicism {rElec Str+8 Dex-3 SInv}
                  | (You found it on level 1 of the Depths)
 61577 | Depths:1 | Found a gateway to Hell.
 61705 | Depths:2 | Found the +6 shillelagh "Devastator" {shatter}
 61730 | Depths:2 | Reached skill level 27 in Stealth
 62014 | Depths:2 | Learned a level 3 spell: Vampiric Draining
 62019 | Depths:2 | Learned a level 4 spell: Animate Dead
 62024 | Depths:2 | Learned a level 4 spell: Dispel Undead
 62030 | Depths:2 | Learned a level 5 spell: Borgnjor's Vile Clutch
 62085 | Depths:2 | Noticed Nikola
 62096 | Depths:2 | Killed Nikola
 62211 | Depths:2 | Reached skill level 1 in Necromancy
 62511 | Depths:2 | Reached skill level 2 in Necromancy
 62589 | Depths:2 | Found a broken altar of Ashenzari.
 63045 | Depths:3 | Reached skill level 3 in Necromancy
 63633 | Depths:3 | Reached skill level 4 in Necromancy
 63793 | Depths:3 | Reached skill level 23 in Hexes
 63843 | Depths:3 | Noticed a juggernaut
 63849 | Depths:3 | Reached skill level 5 in Necromancy
 64343 | Depths:3 | Found Fitzimil's Jewellery Boutique.
 64348 | Depths:3 | Bought the amulet of Ciesy {Reflect Str+3 SH+5} for 736
                  | gold pieces
 64482 | Depths:3 | Reached XP level 24. HP: 145/145 MP: 33/40
 64711 | Depths:3 | Reached skill level 21 in Dodging
 64775 | Depths:3 | Reached skill level 6 in Necromancy
 64858 | Depths:3 | Found a gateway to a ziggurat.
 65129 | Depths:3 | Found a one-way gate leading to the halls of Pandemonium.
 65476 | Depths:4 | Found a one-way gate to the infinite horrors of the Abyss.
 65554 | Depths:4 | Found a flickering gateway to a bazaar.
 65563 | Bazaar   | Entered a bazaar
 65577 | Bazaar   | Found Mecun's Antique Armour Shoppe.
 65599 | Bazaar   | Found Oduper's Armour Emporium.
 65620 | Bazaar   | Found Sotutat's Antique Armour Shoppe.
 65620 | Bazaar   | Found Cumuitug's Antique Armour Emporium.
 65634 | Bazaar   | Bought a glowing hat for 231 gold pieces
 65729 | Depths:4 | Reached skill level 7 in Necromancy
 66060 | Depths:4 | Found Ekku's Gadget Boutique.
 66060 | Depths:4 | Found Fuham's Jewellery Emporium.
 66061 | Depths:4 | Found Josio's Gadget Boutique.
 66117 | Depths:4 | Bought the ring "Xyqou" {rElec rF+ Str+2 Int+6 Dex+3} for
                  | 1366 gold pieces
 66510 | Depths:4 | Reached skill level 16 in Short Blades
 66556 | Depths:5 | Entered Level 5 of the Depths
 66574 | Depths:5 | Reached skill level 14 in Spellcasting
 66664 | Depths:5 | Reached skill level 8 in Necromancy
 67002 | Depths:5 | Reached skill level 24 in Hexes
 67106 | Depths:5 | Reached skill level 14 in Fighting
 67253 | Depths:5 | Found a gate to the Realm of Zot.
 67683 | Depths:3 | Killed a juggernaut
 67684 | Depths:3 | Reached skill level 9 in Necromancy
 67803 | Depths:3 | Got a slimy iron ring
 67804 | Depths:3 | Identified the cursed ring of the Doge {+Blink rPois Will+
                  | EV-4 Int+4} (You found it on level 3 of the Depths)
 68346 | Vaults:5 | Entered Level 5 of the Vaults
 68356 | Vaults:4 | Reached XP level 25. HP: 152/152 MP: 38/41
 68511 | Vaults:5 | Noticed Boris
 68565 | Vaults:5 | HP: 15/152 [tentacled monstrosity (8)]
 68566 | Vaults:5 | HP: 5/152 [tentacled monstrosity (21)]
 68566 | Vaults:5 | Mangled by a storm dragon

Vanquished Creatures
  Mara (Vaults:2)
  A juggernaut (Depths:3)
  Sojobo (Vaults:2)
  Frederick (Vaults:4)
  Bai Suzhen (Vaults:2)
  Xtahua (Vaults:2)
  Nikola (Depths:2)
  2 golden dragons
  A bone dragon (Depths:5)
  2 tentacled monstrosities
  4 liches
  Jorgrun (Elf:1)
  2 deep elf blademasters (Elf:3)
  A deep elf master archer (Elf:3)
  Agnes (Elf:1)
  The ghost of Silenth the Unseen, an adept KoHu of Okawaru (Swamp:1)
  A shadow dragon (Vaults:4)
  Donald (Vaults:1)
  7 tengu reavers
  3 storm dragons
  7 fire giants
  An iron dragon (Depths:3)
  9 deep elf sorcerers (Elf:3)
  6 vault wardens
  The ghost of JazCRAWL the Bludgeoner, a journeyman DsBe of Trog (Orc:2)
  Louise (Swamp:1)
  5 nagarajas
  A balrug (Depths:2)
  8 frost giants
  A draconian scorcher (Depths:5)
  A ghoul (Vaults:4)
  10 ironheart preservers
  A juggernaut zombie (Depths:3)
  3 deep elf elementalists (Elf:3)
  A draconian annihilator (Depths:5)
  A green draconian (Depths:5)
  5 vampire knights
  30 stone giants
  22 very ugly things
  An entropy weaver (Vaults:1)
  7 deep elf demonologists
  A white draconian (Depths:5)
  A black draconian (Depths:5)
  A minotaur (Gauntlet)
  A yellow draconian (Depths:5)
  A spark wasp (Depths:5)
  14 deep elf annihilators
  6 bunyips
  4 crystal guardians (Elf:3)
  The ghost of unihiutale the Carver, a journeyman HuWn of Ashenzari (Orc:1)
  2 eleionomae
  The ghost of protoss039 the Eclecticist, a journeyman DEEE of Sif Muna (D:13)
  10 ettins
  Josephine (Lair:6)
  7 deep elf death magi
  13 yaktaur captains
  2 shambling mangroves
  3 jiangshi (Depths:4)
  4 deep elf high priests (Elf:3)
  11 fire dragons
  The ghost of Tramtrist the Blocker, a journeyman DDFi of Makhleb (D:11)
  8 rakshasas
  10 great orbs of eyes
  16 boulder beetles
  6 ice dragons
  24 vault guards
  15 naga warriors
  22 hydras
  4 ghost crabs
  2 spriggan air magi
  17 centaur warriors
  6 anacondas
  A merfolk avatar (Lair:5)
  An anaconda (shapeshifter) (Vaults:3)
  Erica (Lair:1)
  13 ogre magi
  A death knight (Vaults:4)
  13 alligators
  9 death yaks
  49 two-headed ogres
  6 deep troll shamans
  21 dancing weapons
  8 deep troll earth magi
  A vampire mage (Depths:4)
  A queen ant (D:11)
  10 tengu warriors
  7 shock serpents
  4 spriggan berserkers
  2 sun demons (Depths:2)
  26 naga sharpshooters
  A storm dragon zombie (Depths:3)
  22 deep elf knights
  3 shadow wraiths
  13 hell knights
  7 skeletal warriors
  A salamander mystic (Snake:4)
  A fire crab (shapeshifter) (Vaults:2)
  A fire crab (Lair:5)
  5 unseen horrors
  5 goliath frogs
  8 naga ritualists
  21 deep trolls
  2 flayed ghosts
  3 iron trolls
  A sea snake (Lair:6)
  3 spriggan druids
  3 glowing orange brains
  9 swamp dragons
  25 deep elf archers
  9 wizards
  A harpy (shapeshifter) (Depths:3)
  5 bog bodies
  An orange crystal statue (Vaults:4)
  8 ironbrand convokers
  2 harpies (Lair:5)
  4 orc sorcerers
  72 deep elf magi
  2 spectral hydras (Swamp:1)
  9 orc knights
  3 will-o-the-wisps
  32 ugly things
  3 necromancers
  11 mana vipers
  4 wolf spiders
  A moth of wrath (shapeshifter) (Depths:3)
  A salamander (shapeshifter) (D:13)
  4 manticores
  A spectral alligator (Swamp:1)
  22 slime creatures
  6 cyclopes
  9 elephants
  42 black mambas
  A guardian serpent (shapeshifter) (Vaults:3)
  5 salamanders (Snake:4)
  9 vault sentinels
  An elf zombie (Depths:3)
  A rust devil (Depths:1)
  2 guardian serpents
  23 naga magi
  A centaur zombie (D:11)
  Joseph (D:10)
  2 gargoyles
  11 rime drakes
  10 cane toads
  16 komodo dragons
  53 yaktaurs
  2 kobold demonologists (D:14)
  A rime drake (shapeshifter) (Depths:1)
  2 yaktaurs (shapeshifter)
  8 freezing wraiths
  2 demonic crawlers (D:14)
  A queen bee (shapeshifter) (Depths:3)
  12 trolls
  16 hornets
  2 queen bees
  2 bloated husks
  7 tengu conjurers
  A wind drake (shapeshifter) (Vaults:4)
  2 wind drakes (Lair:6)
  3 meliai (D:13)
  A wolf spider simulacrum (D:12)
  A harpy zombie (D:10)
  A hornet (shapeshifter) (Depths:4)
  7 polar bears
  5 tyrant leeches
  An ettin zombie (Depths:3)
  11 blink frogs
  A meliai zombie (D:13)
  10 dream sheep (Lair:6)
  A spectral swamp dragon (Swamp:1)
  2 blink frogs (shapeshifter)
  A dream sheep (shapeshifter) (Depths:4)
  A snapping turtle (shapeshifter) (Depths:1)
  An air elemental (Elf:3)
  A centaur simulacrum (D:14)
  2 shadows
  2 tarantellas (shapeshifter)
  37 yaks
  4 redbacks (Depths:1)
  12 spriggans
  5 wraiths
  A vampire (D:15)
  A wyvern (shapeshifter) (Depths:5)
  A hog (shapeshifter) (Depths:3)
  2 fire bats (Depths:2)
  Grum (D:7)
  A basilisk (shapeshifter) (Depths:2)
  7 water elementals
  2 fire elementals
  19 humans
  9 wyverns
  Eustachio (D:3)
  3 chaos spawn (Gauntlet)
  4 basilisks
  10 vampire mosquitoes
  50 nagas
  A neqoxec (Gauntlet)
  4 wargs
  13 swamp worms
  3 acid dragons
  12 soldier ants (D:11)
  28 water moccasins
  16 swamp drakes
  2 black bears
  A hornet zombie (D:15)
  4 ice beasts
  26 orc warriors
  3 necrophages
  2 sky beasts
  50 ogres
  A phantom (D:6)
  12 wolves
  An eye of draining (D:14)
  13 boggarts
  8 centaurs
  Blork the orc (D:5)
  7 big kobolds
  11 bullfrogs
  A gnoll sergeant (D:7)
  6 scorpions
  20 killer bees
  7 wights
  3 howler monkeys
  7 electric eels
  A bullfrog zombie (D:10)
  13 hounds
  A quasit (D:11)
  7 centaur skeletons
  7 jellies
  A gnoll shaman (D:5)
  22 orc priests
  Crazy Yiuf (D:4)
  3 bullfrog skeletons
  Jessica (D:2)
  8 hell rats (Lair:1)
  4 iguanas
  Natasha (thrice) (D:4)
  14 orc wizards
  39 worker ants
  A killer bee zombie (D:6)
  A hound zombie (D:9)
  2 hound skeletons
  2 worker ant zombies
  8 gnolls
  A howler monkey skeleton (D:7)
  23 adders
  23 river rats
  An ufetubus (D:8)
  An ooze (Sewer)
  2 adder zombies
  An adder skeleton (D:7)
  7 worms
  7 dart slugs (D:7)
  6 leopard geckos
  78 orcs
  5 giant cockroaches
  6 goblins
  6 hobgoblins
  14 jackals
  10 quokkas
  4 ball pythons
  A ball python skeleton (D:5)
  9 bats
  3 frilled lizards
  A giant cockroach zombie (D:5)
  A jackal skeleton (D:5)
  34 kobolds
  42 rats
2035 creatures vanquished.

Vanquished Creatures (collateral kills)
  A two-headed ogre (D:9)
1 creature vanquished.

Vanquished Creatures (others)
  A yaktaur captain (Vaults:3)
  A dancing weapon (Elf:3)
  A deep elf mage (Elf:3)
  A naga mage (Snake:4)
  4 bloated husks
  18 foxfires
  28 fulminant prisms
  34 fungi
  108 plants
196 creatures vanquished.

Grand Total: 2232 creatures vanquished

Table legend: (Time is in decaauts)
 A = Elapsed time spent in this place.
 B = Non-inter-level travel time spent in this place.
 C = Inter-level travel time spent in this place.
 D = Time resting spent in this place.
 E = Time spent auto-exploring this place.
 F = Levels seen in this place.
 G = Mean time per level.
                   A        B        C        D        E       F      G
               +--------+--------+--------+--------+--------+-----+--------+
         Total |  66635 |  56218 |  10417 |  18472 |      0 |  50 | 1332.7 |
       Dungeon |  20523 |  17099 |   3424 |   5470 |      0 |  15 | 1368.2 |
        Temple |     61 |     53 |      8 |      0 |      0 |   1 |   61.0 |
          Lair |   9067 |   7381 |   1686 |   2780 |      0 |   6 | 1511.2 |
         Swamp |   6764 |   5619 |   1145 |   2572 |      0 |   4 | 1691.0 |
     Snake Pit |   4942 |   4193 |    749 |   1328 |      0 |   4 | 1235.5 |
  Orcish Mines |   2895 |   2506 |    389 |   1019 |      0 |   2 | 1447.5 |
   Elven Halls |   5613 |   5036 |    577 |   1659 |      0 |   3 | 1871.0 |
        Vaults |   7665 |   6431 |   1234 |   1702 |      0 |   5 | 1533.0 |
        Depths |   7180 |   5978 |   1202 |   1337 |      0 |   5 | 1436.0 |
        Bazaar |    321 |    321 |      0 |      0 |      0 |   3 |  107.0 |
         Sewer |    908 |    908 |      0 |    331 |      0 |   1 |  908.0 |
      Gauntlet |    691 |    691 |      0 |    273 |      0 |   1 |  691.0 |
               +--------+--------+--------+--------+--------+-----+--------+

Top non-repeatable levels by time:
   Elf:3: 3056 daAuts
Depths:3: 2613 daAuts
Vaults:4: 2360 daAuts
 Swamp:1: 2215 daAuts
   Orc:2: 2068 daAuts
Vaults:3: 1999 daAuts
 Snake:4: 1875 daAuts
    D:11: 1859 daAuts
Vaults:1: 1853 daAuts
    D:14: 1833 daAuts
     D:7: 1823 daAuts
    D:10: 1814 daAuts
 Swamp:3: 1811 daAuts
  Lair:2: 1811 daAuts
  Lair:3: 1771 daAuts

Table legend:
 A = Non-vault XP
 B = Vault XP
 C = Vault XP percentage of total XP
 D = Non-vault monster count
 E = Vault monster count
 F = Vault count percentage of total count
                 A         B        C        D         E       F
            +---------+---------+-------+---------+---------+-------
      Total |  575382 |  471650 |  45.0 |    1232 |     808 |  39.6
            +---------+---------+-------+---------+---------+-------
        D:1 |      28 |       0 |   0.0 |      17 |       0 |   0.0
        D:2 |      61 |      39 |  39.0 |      22 |       2 |   8.3
        D:3 |      24 |     185 |  88.5 |      13 |       1 |   7.1
        D:4 |     328 |      74 |  18.4 |      11 |       2 |  15.4
        D:5 |     616 |     172 |  21.8 |      25 |      12 |  32.4
        D:6 |     502 |       0 |   0.0 |      11 |       0 |   0.0
        D:7 |    1696 |     757 |  30.9 |      31 |      22 |  41.5
        D:8 |    2059 |     668 |  24.5 |      23 |       7 |  23.3
        D:9 |    1655 |     126 |   7.1 |      19 |       3 |  13.6
       D:10 |    2176 |    1232 |  36.2 |      29 |      22 |  43.1
       D:11 |    2122 |    6974 |  76.7 |      10 |      55 |  84.6
       D:12 |    4746 |    4172 |  46.8 |      22 |       8 |  26.7
       D:13 |   10851 |    7730 |  41.6 |      32 |      23 |  41.8
       D:14 |   15902 |   24139 |  60.3 |      40 |      48 |  54.5
       D:15 |   10405 |    4375 |  29.6 |      23 |       5 |  17.9
     Lair:1 |    5739 |    1893 |  24.8 |      26 |      45 |  63.4
     Lair:2 |    6582 |    1564 |  19.2 |      21 |      14 |  40.0
     Lair:3 |   11729 |       0 |   0.0 |      31 |       0 |   0.0
     Lair:4 |    8690 |    1133 |  11.5 |      19 |       7 |  26.9
     Lair:5 |    8096 |    6495 |  44.5 |      20 |      19 |  48.7
     Lair:6 |    7766 |    5535 |  41.6 |      28 |      14 |  33.3
    Swamp:1 |   11628 |    8710 |  42.8 |      23 |      10 |  30.3
    Swamp:2 |   10312 |       0 |   0.0 |      21 |       0 |   0.0
    Swamp:3 |    9653 |    3745 |  28.0 |      18 |       7 |  28.0
    Swamp:4 |   16727 |   11706 |  41.2 |      26 |      23 |  46.9
    Snake:1 |   18838 |       0 |   0.0 |      35 |       0 |   0.0
    Snake:2 |   30408 |       0 |   0.0 |      54 |       0 |   0.0
    Snake:3 |   14803 |       0 |   0.0 |      27 |       0 |   0.0
    Snake:4 |   18086 |   25550 |  58.6 |      38 |      43 |  53.1
      Orc:1 |    2720 |    2034 |  42.8 |      36 |       2 |   5.3
      Orc:2 |    1839 |   24854 |  93.1 |      20 |      45 |  69.2
      Elf:1 |   16350 |   14860 |  47.6 |      26 |      16 |  38.1
      Elf:2 |   14446 |   23910 |  62.3 |      21 |      32 |  60.4
      Elf:3 |   27035 |   50978 |  65.3 |      43 |      37 |  46.2
   Vaults:1 |   23395 |   20672 |  46.9 |      41 |      24 |  36.9
   Vaults:2 |   13031 |   31689 |  70.9 |      19 |      20 |  51.3
   Vaults:3 |   26689 |   33030 |  55.3 |      50 |      52 |  51.0
   Vaults:4 |   36311 |   29350 |  44.7 |      45 |      25 |  35.7
   Vaults:5 |    2033 |   12964 |  86.4 |       6 |       9 |  60.0
   Depths:1 |   33826 |    1016 |   2.9 |      42 |       2 |   4.5
   Depths:2 |   21708 |   15574 |  41.8 |      27 |      15 |  35.7
   Depths:3 |   52882 |   47534 |  47.3 |      64 |      34 |  34.7
   Depths:4 |   46708 |   12878 |  21.6 |      48 |      17 |  26.2
   Depths:5 |   24181 |   29176 |  54.7 |      29 |      21 |  42.0
      Sewer |       0 |     356 | 100.0 |       0 |      48 | 100.0
   Gauntlet |       0 |    3801 | 100.0 |       0 |      17 | 100.0
            +---------+---------+-------+---------+---------+-------
